 Dungeon Crawl Stone Soup version 0.31-a0-876-gfe8ebadbca (webtiles) character file.

Game seed: 16659645152489165289

4 kae the Vexing (level 1, 0/13 HPs)
             Began as a Demonspawn Enchanter on Oct 13, 2023.
             Slain by a hobgoblin (5 damage)
             ... on level 1 of the Dungeon.
             The game lasted 00:00:10 (66 turns).

kae the Vexing (Demonspawn Enchanter)                 Turns: 66, Time: 00:00:10

Health: 0/13       AC:  2    Str:  8    XL:     1   Next: 58%
Magic:  3/3        EV: 12    Int: 16    God:
Gold:   9          SH:  0    Dex: 13    Spells: 4/4 levels left

rFire   . . .        a - +1 dagger
rCold   . . .        (no shield)
rNeg    . . .        b - +0 robe
rPois   .            (no helmet)
rElec   .            (no cloak)
rCorr   .            (no gloves)
SInv    .            (no boots)
Will    .....        (no amulet)
Stlth   ++           (no ring)
HPRegen 0.22/turn    (no ring)
MPRegen 0.08/turn

%: no passive effects
@: no status effects
A: no striking features
a: no special abilities


You were on level 1 of the Dungeon.
You visited 1 branch of the dungeon, and saw 1 of its levels.

You collected 9 gold pieces.


   Skills:
 + Level 0.2 Fighting
 * Level 1.0 Short Blades
 - Level 1.7 Dodging
 + Level 2.7 Stealth
 + Level 2.0 Spellcasting
 * Level 3.1 Hexes


You had 4 spell levels left.
You didn't know any spells.
Your spell library contained the following spells:

 Spells                   Type           Power      Damage    Failure   Level
 Ensorcelled Hibernation  Hex/Ice        12%        N/A       17%         2
 Confusing Touch          Hex            11%        N/A       17%         3
 Tukima's Dance           Hex            11%        N/A       17%         3
 Dazzling Flash           Conj/Hex       12%        N/A       32%         3

Inventory:

Hand Weapons
 a - a +1 dagger (weapon)
Armour
 b - a +0 robe (worn)
Jewellery
 O - a +4 ring of protection
   (You found it on level 1 of the Dungeon)
Scrolls
 d - a scroll of teleportation {unknown}
Potions
 c - 2 potions of invisibility
 e - a potion of curing {unknown}

Dungeon Overview and Level Annotations

Branches:
Dungeon (1/15) Zot: 5934

Altars:

...................#
.....................
...................>#
....................# #
.####..#.####.##...#.##.#
##.#.# #.##...#.#... #.#.#
#.##.........
#.#.####.##b........
.######.#†...#.@gg........
.............####S........
#######†####........>.....
#.# #..^.....#.#.. #.#
######..## # #..
.........# #.. ?r.......#
### ##########


You could see 2 hobgoblins, a bat and a ball python.


Message History

You miss the bat. The bat hits you but does no damage.
You barely miss the bat. The bat completely misses you.
The bat closely misses you. The bat hits you. 😕 HP[-1]
You take 1 damage, and now have 12/13 hp.
You hit the bat but do no damage. The bat hits you but does no damage.
The bat barely misses you.
You see here a glowing pink potion. 😎 HP[+1]
Your hp is fully restored (13).
Okay, then.
You closely miss the bat. The bat closely misses you.
The bat hits you but does no damage. The bat barely misses you.
You barely miss the bat. The bat hits you. 😕 HP[-1]
You take 1 damage, and now have 12/13 hp.
A bat is nearby!
The bat closely misses you. The bat barely misses you.
You hit the bat. You punch the bat.
You kill the bat!
No target in view!
No target in view!
e - a glowing pink potion 😎 HP[+1]
Your hp is fully restored (13).
No target in view!
No target in view!
Found a stone staircase leading down.
No target in view!
No target in view!
A hobgoblin comes into view.
A giant cockroach comes into view.
There are monsters nearby!
There are monsters nearby!
A rat comes into view.
The hobgoblin shouts!
You catch the helpless giant cockroach completely off-guard!
You puncture the giant cockroach!
You kill the giant cockroach!
Your Short Blades skill increases to level 1!
A bat comes into view.
A hobgoblin comes into view.
You closely miss the hobgoblin. The hobgoblin barely misses you.
You hit the hobgoblin but do no damage.
A ball python comes into view.
The hobgoblin hits you but does no damage.
You closely miss the hobgoblin. The bat barely misses you. The bat hits you.
An endoplasm comes into view.
The hobgoblin closely misses you. 😕 HP[-1]
You take 1 damage, and now have 12/13 hp.
You barely miss the hobgoblin. The bat misses you.
The hobgoblin closely misses you.
The endoplasm quivers.
You hit the hobgoblin but do no damage.
The bat hits you but does no damage. 😎 HP[+1]
Your hp is fully restored (13).
There are monsters nearby!
You hit the bat. The bat hits you.
You closely miss the bat. The bat hits you but does no damage.
The hobgoblin barely misses you. 😕 HP[-1]
You take 1 damage, and now have 12/13 hp.
You hit the bat. The bat hits you. The hobgoblin closely misses you.
The hobgoblin barely misses you. The bat hits you but does no damage.
You hit the bat but do no damage. The bat closely misses you.
The hobgoblin barely misses you. The hobgoblin closely misses you.
You hit the endoplasm. The bat hits you. The hobgoblin closely misses you.
The endoplasm freezes you.
You are frozen.
* * * LOW HITPOINT WARNING * * *
The hobgoblin closely misses you.
You are too injured to fight recklessly! 😨 HP[-6]
You take 6 damage, and now have 6/13 hp.
MASSIVE DAMAGE!! (PAUSE)
You are too injured to fight recklessly!
You are too injured to fight recklessly!
The bat attacks as it pursues you! The bat hits you but does no damage.
The bat barely misses you. The endoplasm misses you. The hobgoblin hits you.
* * * LOW HITPOINT WARNING * * *
The endoplasm barely misses you. 😨 HP[-2]
You take 2 damage, and now have 4/13 hp.
The ball python hisses angrily.
The bat hits you but does no damage.
The endoplasm attacks as it pursues you!
The endoplasm misses you. 😨 HP[+1]
You hit the endoplasm. The endoplasm closely misses you.
You hit the endoplasm. The endoplasm misses you.
You hit the endoplasm.
You kill the endoplasm!
The bat hits you but does no damage.
You hit the bat but do no damage. The bat closely misses you.
You closely miss the hobgoblin. The hobgoblin hits you.
* * * LOW HITPOINT WARNING * * *
You hit the hobgoblin. The hobgoblin hits you.
You die...

Skill      XL: |  1 |
---------------+----+-----
Short Blades   | 1 |  1.0
Fighting       | |  0.2
Dodging        | |  1.7
Stealth        | |  2.7
Spellcasting   | |  2.0
Hexes          | |  3.1

Action                     || total
---------------------------++-------
  Melee: Dagger            ||    26
         Punch             ||     1
   Stab: Distracted        ||     1
 Armour: Robe              ||    19
  Dodge: Dodged            ||    31

Levels and vault maps discovered:
D:1:      orjb1_lava_funnel, layout_loops_ring, minmay_tromino_v7

Notes
Turn   | Place    | Note
-------+----------+-------------------------------------------
     0 | D:1      | kae the Demonspawn Enchanter began the quest for the Orb.
     0 | D:1      | Reached XP level 1. HP: 13/13 MP: 3/3
     0 | D:1      | magus.rc [v1.11.3]
    46 | D:1      | Reached skill level 1 in Short Blades
    66 | D:1      | Slain by a hobgoblin

Vanquished Creatures
  A bat (D:1)
  An endoplasm (D:1)
  A giant cockroach (D:1)
  A rat (D:1)
4 creatures vanquished.

Table legend:
 A = Non-vault XP
 B = Vault XP
 C = Vault XP percentage of total XP
 D = Non-vault monster count
 E = Vault monster count
 F = Vault count percentage of total count
                 A         B        C        D         E       F
            +---------+---------+-------+---------+---------+-------
      Total |       7 |       0 |   0.0 |       4 |       0 |   0.0
            +---------+---------+-------+---------+---------+-------
        D:1 |       7 |       0 |   0.0 |       4 |       0 |   0.0
            +---------+---------+-------+---------+---------+-------

Skill      XL: |  1 |
---------------+----+-----
Short Blades   | 1 |  1.0
Fighting       | |  0.2
Dodging        | |  1.7
Stealth        | |  2.7
Spellcasting   | |  2.0
Hexes          | |  3.1

Action                     || total
---------------------------++-------
  Melee: Dagger            ||    26
         Punch             ||     1
   Stab: Distracted        ||     1
 Armour: Robe              ||    19
  Dodge: Dodged            ||    31

Illustrated notes

Table legend:
 A = Kills in this place as a percentage of kills in the entire game.
 B = Kills by you in this place as a percentage of kills by you in the entire game.
 C = Kills by friends in this place as a percentage of kills by friends in the entire game.
 D = Other kills in this place as a percentage of other kills in the entire game.
 E = Experience gained in this place as a percentage of experience gained in the entire game.
 F = Experience gained in this place divided by the number of levels of this place that you have seen.
                   A       B       C       D       E      F
               +-------+-------+-------+-------+-------+----------------------
         Total | 100.0 | 100.0 |   N/A |   N/A | 100.0 |   7.0
       Dungeon | 100.0 | 100.0 |   N/A |   N/A | 100.0 |   7.0
               +-------+-------+-------+-------+-------+----------------------

Table legend: (Time is in decaauts)
 A = Elapsed time spent in this place.
 B = Non-inter-level travel time spent in this place.
 C = Inter-level travel time spent in this place.
 D = Time resting spent in this place.
 E = Time spent auto-exploring this place.
 F = Levels seen in this place.
 G = Mean time per level.
                   A        B        C        D        E       F      G
               +--------+--------+--------+--------+--------+-----+--------+
         Total |     64 |     64 |      0 |      0 |     18 |   1 |   64.0 |
       Dungeon |     64 |     64 |      0 |      0 |     18 |   1 |   64.0 |
               +--------+--------+--------+--------+--------+-----+--------+

Top non-repeatable levels by time:
     D:1: 64 daAuts
